[Event "Titled Tuesday Blitz March 28 Late 2023"]
[White "Raja Rithvik R"]
[Black "Kramnik, Vladimir"]
[WhiteFideId "35007394"]
[BlackFideId "4101588"]
[WhiteElo "2402"]
[BlackElo "2712"]
[Result "0-1"]
[Round "07"]
[TimeControl "180+2"]
[Date "2023.03.28"]
[WhiteClock "0:00:01"]
[BlackClock "0:00:24"]

1. d4 d5 2. c4 c6 3. Nf3 Nf6 4. Qc2 g6 5. Bf4 dxc4 6. Qxc4 Bg7 7. Nc3 b5 8. Qb3 O-O 9. e3 Be6 10. Qc2 Nbd7 11. Ng5 Bf5 12. e4 b4 13. Na4 Nxe4 14. Nxe4 Qa5 15. O-O-O Bxe4 16. Qxe4 Qxa4 17. Bc4 e6 18. Kb1 Nf6 19. Qf3 Nd5 20. Bc1 Rad8 21. h4 Nb6 22. Bb3 Qb5 23. g4 a5 24. h5 a4 25. Bc2 Nc4 26. hxg6 fxg6 27. Qh3 Na3+ 28. bxa3 bxa3+ 29. Ka1 Rxf2 30. Qxh7+ Kf8 31. Bxa3+ c5 32. Qh4 Rxd4 33. Qxf2+ Rf4+ 34. Rd4 Rxf2 0-1


[Site "https://www.chess.com"]

[Event "Titled Tuesday Blitz March 28 Late 2023"]
[White "Tilicheev, Viacheslav"]
[Black "Sjugirov, Sanan"]
[WhiteFideId "24114928"]
[BlackFideId "4189302"]
[WhiteElo "2415"]
[BlackElo "2569"]
[Result "0-1"]
[Round "07"]
[TimeControl "180+2"]
[Date "2023.03.28"]
[WhiteClock "0:00:02"]
[BlackClock "0:00:05"]

1. e4 e5 2. Nf3 d6 3. d4 exd4 4. Nxd4 Nf6 5. Nc3 Be7 6. g3 O-O 7. Bg2 Re8 8. O-O Nbd7 9. h3 Bf8 10. a4 Nc5 11. Re1 a5 12. b3 c6 13. Bb2 Bd7 14. g4 h6 15. Nf5 Bxf5 16. gxf5 Qb6 17. Qf3 Rad8 18. Kh1 Ncd7 19. Rad1 Be7 20. Rg1 Ne5 21. Qe2 Ned7 22. f4 Bf8 23. Bf3 Qb4 24. Qf2 Qc5 25. Qh4 Kh8 26. Rg2 Qe3 27. Rd3 Qb6 28. Rd1 Qe3 29. Rd3 Qc5 30. Rd1 Be7 31. Rdg1 Rg8 32. Ne2 Rde8 33. e5 dxe5 34. fxe5 Nxe5 35. Be4 Nxe4 36. Qxe4 Bf6 37. Qf4 Qxc2 38. Ng3 Nd3 0-1


[Site "https://www.chess.com"]

[Event "Titled Tuesday Blitz March 28 Late 2023"]
[White "Ozer, Omer Faruk"]
[Black "Talibov, Shiroghlan"]
[WhiteFideId "6354564"]
[BlackFideId "13429078"]
[WhiteElo "2260"]
[BlackElo "2218"]
[Result "1-0"]
[Round "07"]
[TimeControl "180+2"]
[Date "2023.03.28"]
[WhiteClock "0:00:05"]
[BlackClock "0:00:07"]

1. e4 c5 2. Nf3 e6 3. d3 b5 4. g3 Bb7 5. Bg2 Nc6 6. a4 b4 7. O-O d6 8. d4 cxd4 9. Nxd4 Nge7 10. Nb3 Ng6 11. a5 a6 12. N1d2 Be7 13. Nc4 O-O 14. Be3 Nce5 15. Nb6 Rb8 16. f4 Nd7 17. Qd2 Nxb6 18. Bxb6 Qd7 19. Qxb4 d5 20. Qd2 Rfc8 21. exd5 Bxd5 22. Bxd5 exd5 23. Rad1 Bf6 24. c3 Bd8 25. Bxd8 Rxb3 26. Bb6 Qb5 27. Qxd5 Rxb2 28. f5 Ne5 29. Qd8+ Qe8 30. Qxe8+ Rxe8 31. Bd4 Ng4 32. Rfe1 Rc8 33. h3 Nf6 34. Bxf6 gxf6 35. Rd4 Ra2 36. Rg4+ Kf8 37. Rh4 Rxc3 38. Rxh7 Rxg3+ 39. Kh1 Rxa5 40. Rh8+ Kg7 41. Ree8 Rxh3+ 42. Rxh3 Rxf5 43. Rg3+ Kh7 44. Ree3 Rb5 45. Kg2 a5 46. Rgf3 Kg7 47. Ra3 f5 48. Rf4 Kf6 49. Rfa4 Kg5 50. Rxa5 Rb2+ 51. Kf3 Rh2 52. Kg3 Rb2 53. Rf3 Kg6 54. Raxf5 Rb7 55. Kg4 Kg7 56. Rg5+ Kf8 57. Kh5 Rb6 58. Rgf5 Rb7 59. Kh6 Kg8 60. Rg3+ Kf8 61. Kh7 Ke7 62. Rxf7+ 1-0


[Site "https://www.chess.com"]

[Event "Titled Tuesday Blitz March 28 Late 2023"]
[White "Fressinet, Laurent"]
[Black "Mekhitarian, Krikor Sevag"]
[WhiteFideId "608742"]
[BlackFideId "2107660"]
[WhiteElo "2633"]
[BlackElo "2604"]
[Result "1-0"]
[Round "07"]
[TimeControl "180+2"]
[Date "2023.03.28"]
[WhiteClock "0:00:33"]
[BlackClock "0:00:16"]

1. d4 Nf6 2. Nf3 g6 3. Bg5 Bg7 4. e3 O-O 5. Nbd2 d5 6. Be2 Nbd7 7. O-O c5 8. c3 b6 9. a4 Bb7 10. a5 e6 11. Qa4 Qc8 12. a6 Bc6 13. Bb5 Bxb5 14. Qxb5 Ne8 15. Be7 Nc7 16. Qa4 Re8 17. Bd6 Bf8 18. Bg3 b5 19. Qa5 Nb6 20. Bxc7 Qxc7 21. Qxb5 Rab8 22. Qa5 Rec8 23. h3 Bd6 24. Rfd1 Qc6 25. Qa2 c4 26. Rdb1 Nd7 27. Qa4 Qxa4 28. Rxa4 Rb6 29. e4 Rcb8 30. Ra2 Bf4 31. exd5 exd5 32. Nf1 Rb3 33. g3 Bh6 34. N3d2 Bxd2 35. Nxd2 R3b5 36. Nf1 f5 37. Re1 Kf7 38. Ne3 Nf6 39. Re2 Re8 40. Kf1 Re6 41. Nc2 Ne4 42. Nb4 Reb6 43. Kg2 h5 44. f3 Nf6 45. Ra1 Rxb4 46. cxb4 Rxb4 47. Rae1 Rb3 48. Re7+ Kf8 49. Rb7 1-0


[Site "https://www.chess.com"]

[Event "Titled Tuesday Blitz March 28 Late 2023"]
[White "Ozates, Tuna"]
[Black "Vaglio Munoz, Jaime"]
[WhiteFideId "6354521"]
[BlackFideId "6500145"]
[WhiteElo "2151"]
[BlackElo "2199"]
[Result "1-0"]
[Round "07"]
[TimeControl "180+2"]
[Date "2023.03.28"]
[WhiteClock "0:00:03"]
[BlackClock "0:00:01"]

1. e4 d6 2. d4 Nf6 3. Nc3 e5 4. Nge2 Be7 5. g3 O-O 6. Bg2 c6 7. O-O b5 8. a3 a5 9. h3 Ba6 10. b4 Nbd7 11. Kh2 Nb6 12. f4 Nc4 13. g4 Nd7 14. d5 Bb7 15. Rb1 axb4 16. axb4 Ndb6 17. Ng3 exf4 18. Bxf4 Bg5 19. Qe2 Ra3 20. Rb3 Ra7 21. Nf5 g6 22. Nd4 cxd5 23. Ncxb5 Bxf4+ 24. Rxf4 Qg5 25. Kg3 Ra1 26. h4 Qe5 27. Nf3 Qe8 28. Nc3 Rc1 29. Na2 Ra1 30. Nc3 Rc1 31. g5 dxe4 32. Nh2 d5 33. Ng4 Kh8 34. Nf6 Qe5 35. Ng4 Qd4 36. Nb5 Qg7 37. Nf6 Ba6 38. Nd4 Bc8 39. b5 Nd7 40. Nc6 Nxf6 41. gxf6 Qh6 42. b6 Rg1 43. b7 Rxg2+ 44. Qxg2 Bxb7 45. Rxb7 Ne3 46. Qe2 Nf5+ 47. Rxf5 gxf5 48. Rb8 Rxb8 49. Nxb8 Qxf6 50. Qb5 Kg7 51. Nd7 Qd6+ 52. Kh3 f4 53. Qb2+ Kg6 54. Ne5+ Kf5 55. Ng4 d4 56. Qb5+ Ke6 57. Qc4+ Qd5 58. Qc8+ Qd7 59. Qa6+ Qd6 60. Qa2+ Qd5 61. Qa6+ Qd6 62. Qe2 Qd5 63. Qe1 f5 64. Nf2 Qc4 65. Kg2 Qc3 66. Qb1 Qf3+ 67. Kg1 e3 68. Qb6+ Kf7 69. Qc7+ Kg6 70. Qd6+ Kh5 71. Nh1 Qd1+ 72. Kg2 Qxc2+ 73. Kh3 Qc4 74. Qxf4 Qf7 75. Qg5# 1-0


[Site "https://www.chess.com"]

[Event "Titled Tuesday Blitz March 28 Late 2023"]
[White "Vachier-Lagrave, Maxime"]
[Black "Javakhadze, Zurab"]
[WhiteFideId "623539"]
[BlackFideId "13603647"]
[WhiteElo "2740"]
[BlackElo "2381"]
[Result "0-1"]
[Round "07"]
[TimeControl "180+2"]
[Date "2023.03.28"]
[WhiteClock "0:00:52"]
[BlackClock "0:00:14"]

1. c4 e6 2. e4 d5 3. cxd5 exd5 4. exd5 Nf6 5. Nc3 Nxd5 6. Nf3 Be7 7. Bc4 Nf6 8. d4 O-O 9. O-O Nbd7 10. Bb3 Nb6 11. Ne5 c6 12. Re1 Nbd5 13. Bg5 h6 14. Bh4 Re8 15. Rc1 Be6 16. Qf3 Rc8 17. h3 Nc7 18. Ne2 Bd5 19. Qd3 Ne6 20. Bxf6 Bxf6 21. Bc2 g6 22. Nxf7 Kxf7 23. Qxg6+ Kf8 24. Nc3 Bg5 25. Re5 Ng7 26. f4 Rxe5 27. dxe5 Qb6+ 28. Kh1 Qe3 29. Qd6+ Be7 30. Qxh6 Qxc1+ 31. Bd1 Qd2 32. Qh8+ Bg8 33. Bg4 Qc1+ 34. Kh2 Qxf4+ 35. Kh1 Rd8 36. e6 Bd6 37. Kg1 Bc5+ 38. Kh1 Rd2 39. Qh4 Qf1+ 0-1


[Site "https://www.chess.com"]

[Event "Titled Tuesday Blitz March 28 Late 2023"]
[White "Vlassov, Nikolai"]
[Black "Naroditsky, Daniel"]
[WhiteFideId "4103360"]
[BlackFideId "2026961"]
[WhiteElo "2324"]
[BlackElo "2633"]
[Result "1/2-1/2"]
[Round "07"]
[TimeControl "180+2"]
[Date "2023.03.28"]
[WhiteClock "0:00:05"]
[BlackClock "0:02:00"]

1. e4 c5 2. c3 d5 3. exd5 Nf6 4. Bb5+ Nbd7 5. c4 a6 6. Bxd7+ Qxd7 7. Qe2 b5 8. d3 e6 9. Nf3 Bd6 10. O-O O-O 11. dxe6 Qxe6 12. Qxe6 Bxe6 13. b3 Bf5 14. Rd1 Rfd8 15. Bg5 Be7 16. Nc3 h6 17. Be3 Bxd3 18. Ne5 Bf5 19. Rxd8+ Bxd8 20. cxb5 Ba5 21. Rc1 Bxc3 22. Rxc3 axb5 23. Rxc5 Rxa2 24. h3 b4 25. Rb5 Be6 26. Rxb4 Nd5 27. Rb8+ Kh7 28. Bd4 Rd2 29. Nf3 Rd1+ 30. Kh2 Nf4 31. Be3 Nd5 32. b4 Rb1 33. b5 Rb2 34. b6 Nxe3 35. fxe3 Bd5 36. Kg3 f6 37. h4 h5 38. Rd8 Bb7 39. Rd6 Kg6 40. Kh3 Kf5 41. Kg3 g5 42. Nd4+ Kg6 43. hxg5 Kxg5 44. Nf3+ Kf5 45. Nd4+ Kg6 46. Nf3 Rb3 47. Kf4 Rb4+ 48. Nd4 Bxg2 49. e4 h4 50. e5 h3 51. Kg3 Rb2 52. Rxf6+ Kh5 53. Rf5+ Kg6 54. Rf6+ Kh7 55. e6 Bd5 56. Kxh3 Kg7 57. Rf7+ Kg6 58. Re7 Rxb6 59. Kg4 Rb4 60. Kf4 Kf6 61. Rf7+ Kg6 62. Ke5 Bxe6 63. Rf6+ Kg5 64. Rxe6 Rb1 65. Kd5 Rb8 66. Re5+ Kf4 67. Rf5+ Kg4 68. Rf7 Rd8+ 69. Ke5 Re8+ 70. Ne6 Ra8 71. Rg7+ Kf3 72. Nd4+ Ke3 73. Rg3+ Kd2 74. Ke4 Re8+ 75. Kd5 Rd8+ 76. Kc5 Rc8+ 77. Nc6 Rh8 78. Nd4 Rc8+ 79. Kd5 Rd8+ 80. Ke4 Re8+ 81. Kd5 Rd8+ 1/2-1/2


[Site "https://www.chess.com"]

[Event "Titled Tuesday Blitz March 28 Late 2023"]
[White "Duda, Jan-Krzysztof"]
[Black "Thomforde-Toates, Noah"]
[WhiteFideId "1170546"]
[BlackFideId "30951992"]
[WhiteElo "2790"]
[BlackElo "2662"]
[Result "1-0"]
[Round "07"]
[TimeControl "180+2"]
[Date "2023.03.28"]
[WhiteClock "0:00:07"]
[BlackClock "0:00:09"]

1. Nf3 Nf6 2. g3 g6 3. Bg2 Bg7 4. O-O O-O 5. d4 d6 6. c4 Nc6 7. Nc3 e5 8. d5 Nb8 9. e4 a5 10. Ne1 Na6 11. Nd3 Nd7 12. h4 Ndc5 13. b3 Nxd3 14. Qxd3 Nc5 15. Qe2 f5 16. exf5 gxf5 17. Be3 b6 18. Rab1 Bd7 19. a3 e4 20. Bd2 Qf6 21. b4 axb4 22. axb4 Nd3 23. Rb3 Rfe8 24. Be3 f4 25. Nxe4 Qg6 26. h5 Qf5 27. Bd2 f3 28. Qxf3 Qxf3 29. Bxf3 Ne5 30. Bg2 Nxc4 31. Bg5 Ba4 32. Rbb1 Bc2 33. Rbc1 Ra2 34. Nf6+ Bxf6 35. Bxf6 b5 36. Ra1 Rea8 37. Rxa2 Rxa2 38. Ra1 Rxa1+ 39. Bxa1 Kf7 40. Bd4 Nd2 41. Be3 Nc4 42. Bd4 Nd2 43. Ba7 Ke7 44. h6 Kd7 45. Be3 Nc4 46. Bh3+ Ke7 47. Bg5+ Ke8 48. Be6 Be4 49. f4 Nb6 50. Bf6 Bxd5 51. Bf5 Bg8 52. Bc3 Nd5 53. Bd2 Ne7 54. Bd3 c6 55. g4 Nd5 56. Kf2 Kd7 57. g5 Ne7 58. f5 Ke8 59. Kg3 Kf8 60. g6 Nd5 61. Kh4 c5 62. bxc5 dxc5 63. Bxb5 Ne7 64. Bd3 c4 65. Bc2 Nc6 66. Bc3 Na7 67. Bb4+ Ke8 68. Ba4+ Kd8 69. f6 hxg6 70. h7 Bxh7 71. f7 g5+ 72. Kxg5 Bg6 73. f8=Q+ Kc7 74. Qd6+ Kb7 75. Kxg6 c3 76. Qd5+ Nc6 77. Bxc6+ Kb8 78. Qd7 c2 79. Bd6# 1-0


[Site "https://www.chess.com"]

[Event "Titled Tuesday Blitz March 28 Late 2023"]
[White "Domingo Nunez, Alejandro"]
[Black "Drygalov, Andrey"]
[WhiteFideId "22245561"]
[BlackFideId "24171735"]
[WhiteElo "2230"]
[BlackElo "2471"]
[Result "0-1"]
[Round "07"]
[TimeControl "180+2"]
[Date "2023.03.28"]
[WhiteClock "0:00:49"]
[BlackClock "0:01:38"]

1. e4 c5 2. d4 cxd4 3. c3 Nf6 4. e5 Nd5 5. Nf3 e6 6. cxd4 d6 7. a3 Bd7 8. Bd3 Bc6 9. O-O Nd7 10. b4 a6 11. Re1 Rc8 12. Nbd2 Nf4 13. Bf1 dxe5 14. dxe5 Nb6 15. a4 Bxb4 16. Qb3 a5 17. Rd1 O-O 18. Ne4 Bd5 19. Qe3 Ng6 20. Nfg5 h6 21. Qh3 Rxc1 22. Raxc1 hxg5 23. Qh5 Be7 24. Bb5 Nxe5 25. Rc3 f5 26. Nd2 g4 27. Nb3 Bf6 28. Rcc1 Bg5 29. Rb1 g6 0-1


[Site "https://www.chess.com"]

[Event "Titled Tuesday Blitz March 28 Late 2023"]
[White "Svane, Frederik"]
[Black "Cuenca Jimenez, Jose Fernando"]
[WhiteFideId "12923044"]
[BlackFideId "2255570"]
[WhiteElo "2502"]
[BlackElo "2429"]
[Result "1-0"]
[Round "07"]
[TimeControl "180+2"]
[Date "2023.03.28"]
[WhiteClock "0:00:18"]
[BlackClock "0:00:01"]

1. g3 d5 2. Nf3 Nf6 3. Bg2 e6 4. O-O Be7 5. c4 d4 6. e3 c5 7. exd4 cxd4 8. d3 Nc6 9. Na3 O-O 10. Nc2 Re8 11. Re1 a5 12. a3 a4 13. Rb1 Bc5 14. Bf4 Nd7 15. Bd2 Nf6 16. Nb4 Bd7 17. Ne5 Nxe5 18. Rxe5 Qc7 19. Re1 e5 20. Bg5 Bxb4 21. axb4 Qb6 22. b5 Ra7 23. Ra1 Bf5 24. h3 h6 25. Qf3 Bg6 26. Bd2 Nd7 27. Qd5 Nf6 28. Qf3 Nd7 29. Bb4 Nc5 30. Rad1 Nb3 31. Qd5 Qe6 32. Qxe6 Rxe6 33. Bd5 Re8 34. c5 Rc8 35. Rxe5 Nxc5 36. Bxc5 Rxc5 37. Bxf7+ Bxf7 38. Rxc5 1-0


[Site "https://www.chess.com"]

[Event "Titled Tuesday Blitz March 28 Late 2023"]
[White "Tari, Aryan"]
[Black "Godzwon, Iwo"]
[WhiteFideId "1510045"]
[BlackFideId "21802483"]
[WhiteElo "2583"]
[BlackElo "2284"]
[Result "1-0"]
[Round "07"]
[TimeControl "180+2"]
[Date "2023.03.28"]
[WhiteClock "0:00:44"]
[BlackClock "0:00:17"]

1. e4 c5 2. Nf3 e6 3. Nc3 a6 4. g3 Nc6 5. d4 cxd4 6. Nxd4 d6 7. Bg2 Bd7 8. O-O Nf6 9. Be3 Be7 10. a4 Nxd4 11. Bxd4 Bc6 12. a5 O-O 13. f4 e5 14. Bb6 Qc8 15. h3 Re8 16. Kh2 exf4 17. Rxf4 Nd7 18. Bd4 Ne5 19. Qh5 Bf6 20. Rxf6 gxf6 21. Rf1 Qe6 22. Qh6 f5 23. Qh4 fxe4 24. Rf6 Qe7 25. Nxe4 Bxe4 26. Bxe4 Ng6 27. Rxg6+ fxg6 28. Bd5+ Qe6 29. Qf6 1-0


[Site "https://www.chess.com"]

[Event "Titled Tuesday Blitz March 28 Late 2023"]
[White "Zierk, Steven"]
[Black "Djokic, Mihailo"]
[WhiteFideId "2034255"]
[BlackFideId "976440"]
[WhiteElo "2494"]
[BlackElo "2294"]
[Result "0-1"]
[Round "07"]
[TimeControl "180+2"]
[Date "2023.03.28"]
[WhiteClock "0:02:06"]
[BlackClock "0:01:33"]

1. e4 c5 2. Nf3 d6 3. d4 cxd4 4. Nxd4 Nf6 5. Nc3 g6 6. Be3 Bg7 7. f3 O-O 8. Qd2 Nc6 9. O-O-O Bd7 10. Kb1 Rc8 11. h4 Ne5 12. h5 Nxh5 13. g4 Ng3 14. Rh3 Nxf1 15. Rxf1 Nc4 16. Qf2 Qb6 17. Bc1 Bxd4 18. Qh4 h5 19. gxh5 Bxh3 20. hxg6 fxg6 21. Nd5 Na3+ 22. Ka1 Nxc2+ 23. Kb1 Na3+ 24. Ka1 Bxf1 25. Qh6 Rxc1+ 26. Qxc1 Qxb2+ 0-1


[Site "https://www.chess.com"]

[Event "Titled Tuesday Blitz March 28 Late 2023"]
[White "Khumalo, Keith"]
[Black "Movahed, Sina"]
[WhiteFideId "14319470"]
[BlackFideId "42520835"]
[WhiteElo "2056"]
[BlackElo "2225"]
[Result "1-0"]
[Round "07"]
[TimeControl "180+2"]
[Date "2023.03.28"]
[WhiteClock "0:00:41"]
[BlackClock "0:00:04"]

1. d4 Nf6 2. c4 g6 3. Nc3 Bg7 4. e4 d6 5. Bd3 O-O 6. Nge2 e5 7. d5 Nfd7 8. O-O f5 9. exf5 gxf5 10. f4 e4 11. Bc2 a5 12. a3 Nc5 13. Rb1 b6 14. b4 Ncd7 15. Be3 Nf6 16. h3 Rf7 17. Nd4 Qe8 18. Ba4 Qe7 19. Bb3 Kh8 20. c5 axb4 21. axb4 bxc5 22. bxc5 dxc5 23. Ne6 Bxe6 24. dxe6 Rf8 25. Nd5 Nxd5 26. Qxd5 Na6 27. Bc4 Rad8 28. Qb7 Nb4 29. Qa7 Bd4 30. Qa3 Rg8 31. Kh1 Rg6 32. Rfd1 Nc2 33. Bxd4+ Nxd4 34. Rb7 Rg7 35. Ra7 Rdg8 36. Rd2 Nf3 37. Rd7 Qh4 38. Qc3 Nd4 39. Rxg7 Kxg7 40. Rxc7+ Kh6 41. e7 Re8 42. Rxc5 Qf2 43. Rd5 Rg8 44. Rd6+ Kh5 45. Bxg8 Qf1+ 46. Kh2 Nf3+ 47. Qxf3+ exf3 48. e8=Q+ 1-0


[Site "https://www.chess.com"]

[Event "Titled Tuesday Blitz March 28 Late 2023"]
[White "Sai Krishna G V"]
[Black "Moussard, Jules"]
[WhiteFideId "5028280"]
[BlackFideId "642908"]
[WhiteElo "2359"]
[BlackElo "2610"]
[Result "0-1"]
[Round "07"]
[TimeControl "180+2"]
[Date "2023.03.28"]
[WhiteClock "0:00:05"]
[BlackClock "0:00:42"]

1. e4 c5 2. Nf3 e6 3. d4 cxd4 4. Nxd4 Nc6 5. Nc3 Qc7 6. Be3 a6 7. Be2 Nf6 8. O-O d6 9. f4 Be7 10. Qe1 O-O 11. Qg3 Nxd4 12. Bxd4 b5 13. a3 Bb7 14. Bd3 Rfd8 15. Kh1 Bc6 16. Rae1 Qb7 17. Nd1 Nh5 18. Qh3 g6 19. f5 e5 20. Bc3 f6 21. g4 Nf4 22. Rxf4 exf4 23. g5 Rf8 24. fxg6 hxg6 25. Qe6+ Rf7 26. gxf6 Bd7 27. Qb3 Bf8 28. Rg1 Bf5 29. Nf2 Re8 30. Rg2 Be6 31. Qb4 Rh7 32. Rxg6+ Kf7 33. Rg5 Bh6 34. Rh5 Qc6 35. Qd4 Rg8 36. h4 Rg6 37. Kh2 f3 38. Qa7+ Qd7 39. Qxa6 Bf4+ 40. Kh1 Rxh5 41. Bxb5 Qxb5 42. Qa7+ Qd7 43. Qxd7+ Bxd7 0-1


[Site "https://www.chess.com"]

[Event "Titled Tuesday Blitz March 28 Late 2023"]
[White "Goroshkov, Maksym"]
[Black "Bernadskiy, Vitaliy"]
[WhiteFideId "14142716"]
[BlackFideId "14100371"]
[WhiteElo "2322"]
[BlackElo "2488"]
[Result "0-1"]
[Round "07"]
[TimeControl "180+2"]
[Date "2023.03.28"]
[WhiteClock "0:00:17"]
[BlackClock "0:00:22"]

1. e4 e5 2. Nf3 Nc6 3. Bc4 Bc5 4. c3 Nf6 5. d4 exd4 6. cxd4 Bb4+ 7. Bd2 Bxd2+ 8. Nbxd2 d5 9. exd5 Nxd5 10. Qb3 Na5 11. Qa4+ Nc6 12. Qb3 Nce7 13. O-O O-O 14. Ne5 c6 15. Rfe1 a5 16. Rad1 a4 17. Qf3 Bf5 18. Ne4 Bxe4 19. Qxe4 Qd6 20. Bd3 Ng6 21. g3 Rfe8 22. Qf5 Qe6 23. Qf3 Nb4 24. Nxg6 Qxe1+ 25. Rxe1 Rxe1+ 26. Kg2 hxg6 27. Bc4 Re7 28. Qa3 c5 29. dxc5 Nc6 30. Qc3 Rd8 31. Qc2 a3 32. bxa3 Rd4 33. Bb3 Kf8 34. h4 Re5 35. Qc3 Rf5 36. a4 Rd8 37. Qc4 Rd2 38. Qf1 Ne5 39. Qe1 Rb2 40. Kg1 Nf3+ 0-1


[Site "https://www.chess.com"]

[Event "Titled Tuesday Blitz March 28 Late 2023"]
[White "Bartel, Mateusz"]
[Black "Mihajlov, Sebastian"]
[WhiteFideId "1112635"]
[BlackFideId "1512110"]
[WhiteElo "2521"]
[BlackElo "2464"]
[Result "1-0"]
[Round "07"]
[TimeControl "180+2"]
[Date "2023.03.28"]
[WhiteClock "0:00:22"]
[BlackClock "0:00:28"]

1. e4 c5 2. Nf3 Nc6 3. b4 cxb4 4. d4 d5 5. exd5 Qxd5 6. c4 bxc3 7. Nxc3 Qd8 8. d5 Nb8 9. Bb5+ Bd7 10. Rb1 Nf6 11. O-O g6 12. Re1 Bg7 13. Ba3 O-O 14. Bxe7 Qc7 15. Bxf8 Bxf8 16. Bxd7 Nbxd7 17. Ne4 b6 18. Rc1 Qd8 19. h3 Nc5 20. Nxf6+ Qxf6 21. Qe2 Rd8 22. Rcd1 Bd6 23. g3 Na4 24. Rd3 Bb4 25. Qe5 Kg7 26. Qxf6+ Kxf6 27. Re4 Nc5 28. Rf4+ Kg7 29. Re3 a5 30. Re7 Rf8 31. Ng5 h6 32. Rfxf7+ Rxf7 33. Nxf7 Kf6 34. Ra7 Na4 35. d6 Nc3 36. d7 Be7 37. d8=Q Bxd8 38. Nxd8 Nxa2 39. Ra6 1-0


[Site "https://www.chess.com"]

[Event "Titled Tuesday Blitz March 28 Late 2023"]
[White "Melkumyan, Hrant"]
[Black "Sochacki, Christophe"]
[WhiteFideId "13302485"]
[BlackFideId "662569"]
[WhiteElo "2604"]
[BlackElo "2474"]
[Result "1-0"]
[Round "07"]
[TimeControl "180+2"]
[Date "2023.03.28"]
[WhiteClock "0:00:40"]
[BlackClock "0:00:08"]

1. d4 Nc6 2. d5 Ne5 3. e4 e6 4. f4 exd5 5. exd5 Ng6 6. Nf3 Bc5 7. Bd3 Nf6 8. Qe2+ Ne7 9. c4 O-O 10. Kd1 Re8 11. Qc2 d6 12. Nc3 c6 13. dxc6 Nxc6 14. a3 d5 15. cxd5 Nxd5 16. Nxd5 Qxd5 17. Bd2 Bg4 18. Rf1 Rad8 19. Bc4 Qh5 20. Kc1 Bxf3 21. gxf3 Nd4 22. Qd1 Bb6 23. Kb1 Nf5 24. Qc2 Qxh2 25. Qxf5 Qxd2 26. Bxf7+ Kh8 27. Bxe8 Rxe8 28. Qc2 Qd5 29. Rd1 Bd4 30. a4 h5 31. Ra3 Rd8 32. Rad3 1-0


[Site "https://www.chess.com"]

[Event "Titled Tuesday Blitz March 28 Late 2023"]
[White "Smirnov, Pavel"]
[Black "Adan Bermudez, Sergio"]
[WhiteFideId "4123425"]
[BlackFideId "2292726"]
[WhiteElo "2519"]
[BlackElo "2292"]
[Result "1-0"]
[Round "07"]
[TimeControl "180+2"]
[Date "2023.03.28"]
[WhiteClock "0:00:38"]
[BlackClock "0:01:26"]

1. d4 d5 2. c4 e6 3. Nf3 a6 4. c5 b6 5. cxb6 cxb6 6. Bf4 Bd6 7. e3 Bxf4 8. exf4 Nf6 9. Nc3 O-O 10. Bd3 b5 11. O-O b4 12. Na4 a5 13. Nc5 Ba6 14. Nxa6 Nxa6 15. Ne5 Qd6 16. Rc1 Rfc8 17. Qe2 Rxc1 18. Rxc1 Nc7 19. g4 Nfe8 20. g5 f6 21. Rc6 Qd8 22. Bxh7+ Kxh7 23. Qh5+ Kg8 24. Qf7+ Kh7 25. g6+ Kh6 26. Qg8 1-0


[Site "https://www.chess.com"]

[Event "Titled Tuesday Blitz March 28 Late 2023"]
[White "Risteski, Emil"]
[Black "Horvath, Dominik"]
[WhiteFideId "15005267"]
[BlackFideId "1642561"]
[WhiteElo "2251"]
[BlackElo "2407"]
[Result "0-1"]
[Round "07"]
[TimeControl "180+2"]
[Date "2023.03.28"]
[WhiteClock "0:00:04"]
[BlackClock "0:00:13"]

1. f4 e5 2. fxe5 d6 3. Nf3 dxe5 4. e4 Nc6 5. Bb5 Bc5 6. Bxc6+ bxc6 7. d3 Nf6 8. Qe2 Qd6 9. Nc3 Rb8 10. Nd1 Ba6 11. b3 O-O 12. Bb2 Rfe8 13. Nf2 Nh5 14. g3 Qh6 15. O-O f6 16. Bc1 Qg6 17. Be3 Nf4 18. Qd2 Bxe3 19. Qxe3 Ra8 20. Kh1 Ne6 21. Nh4 Qh5 22. Nf5 Bc8 23. Nd1 Ng5 24. Qf2 Qg6 25. Nde3 Nf7 26. Nh4 Qh5 27. Qf3 Qg5 28. Nhf5 Nd6 29. h4 Qg6 30. g4 h6 31. Rg1 Qf7 32. g5 fxg5 33. hxg5 Bxf5 34. Nxf5 Nxf5 35. exf5 hxg5 36. Rxg5 Qd5 37. Qxd5+ cxd5 38. f6 g6 39. Rxg6+ Kf7 40. Rag1 Rh8+ 41. Kg2 Kxg6 0-1


[Site "https://www.chess.com"]

[Event "Titled Tuesday Blitz March 28 Late 2023"]
[White "Aradhya, Garg"]
[Black "angelgab3"]
[WhiteFideId "25006746"]
[WhiteElo "2263"]
[BlackElo "2548"]
[Result "1/2-1/2"]
[Round "07"]
[TimeControl "180+2"]
[Date "2023.03.28"]
[WhiteClock "0:00:35"]
[BlackClock "0:00:13"]

1. d4 Nf6 2. c4 e6 3. Nf3 d5 4. Nc3 dxc4 5. e4 b5 6. e5 Nd5 7. Nxb5 Nb6 8. a4 Ba6 9. Be2 Nc6 10. O-O Be7 11. Be3 O-O 12. Nd2 Na5 13. Qc2 c6 14. Na3 Nb3 15. Rad1 Bxa3 16. bxa3 Nxd4 17. Bxd4 Qxd4 18. Nxc4 Qc5 19. Rc1 Bxc4 20. Bxc4 Qxe5 21. Bd3 g6 22. Qxc6 Rfd8 23. Bb5 Rac8 24. Qb7 Rxc1 25. Rxc1 Qf4 26. Rf1 Nxa4 27. Qxa7 Nc3 28. Bc6 Rd2 29. Qc5 Rc2 30. Qb6 Qc4 31. Qb8+ Kg7 32. Qe5+ Kg8 33. Qb8+ Kg7 34. Qe5+ Kf8 35. Qb8+ Kg7 1/2-1/2


[Site "https://www.chess.com"]

[Event "Titled Tuesday Blitz March 28 Late 2023"]
[White "Wagner, Dennis"]
[Black "Ibadov, Dashgyn"]
[WhiteFideId "24650684"]
[BlackFideId "24107514"]
[WhiteElo "2470"]
[BlackElo "2208"]
[Result "1-0"]
[Round "07"]
[TimeControl "180+2"]
[Date "2023.03.28"]
[WhiteClock "0:01:10"]
[BlackClock "0:00:04"]

1. d4 Nf6 2. Nf3 d5 3. g3 e6 4. Bg2 Be7 5. O-O O-O 6. b3 b6 7. Bb2 Bb7 8. c4 c5 9. cxd5 Nxd5 10. dxc5 Bxc5 11. a3 Be7 12. e4 Nf6 13. e5 Nd5 14. Nbd2 Nd7 15. Nc4 Rc8 16. Qd4 Nc5 17. Nfd2 Qc7 18. Nd6 Rcd8 19. Rac1 Qb8 20. b4 Nd7 21. Nxb7 Qxb7 22. Nc4 Qb8 23. Rfd1 h6 24. Bxd5 exd5 25. Qxd5 Nc5 26. Nd6 Ne6 27. Rc6 Rd7 28. f4 Rfd8 29. f5 Bxd6 30. exd6 Nf8 31. f6 g6 32. Qd2 g5 33. h4 Ng6 34. hxg5 Re8 35. gxh6 Qb7 36. h7+ Kxh7 37. Qh2+ 1-0


[Site "https://www.chess.com"]

[Event "Titled Tuesday Blitz March 28 Late 2023"]
[White "Karas, Marek"]
[Black "Hambleton, Aman"]
[WhiteFideId "14928558"]
[BlackFideId "2606577"]
[WhiteElo "2233"]
[BlackElo "2511"]
[Result "0-1"]
[Round "07"]
[TimeControl "180+2"]
[Date "2023.03.28"]
[WhiteClock "0:00:03"]
[BlackClock "0:00:03"]

1. d4 Nf6 2. Nf3 e6 3. c4 b6 4. a3 Bb7 5. Nc3 g6 6. Bg5 h6 7. Bh4 d6 8. e3 g5 9. Bg3 Nh5 10. Nd2 Nxg3 11. hxg3 Nd7 12. d5 Qe7 13. Bd3 Nf6 14. Qa4+ Qd7 15. Qxd7+ Kxd7 16. e4 Bg7 17. O-O h5 18. Nf3 h4 19. e5 Ng4 20. gxh4 Nxe5 21. Nxe5+ Bxe5 22. Be4 Ke7 23. dxe6 Bxe4 24. Nxe4 Rxh4 25. f3 Bd4+ 26. Rf2 Rah8 27. Ng3 fxe6 28. Re1 Kd7 29. Kf1 Bxf2 30. Kxf2 g4 31. f4 Rf8 32. Ke3 Rh2 33. Re2 c5 34. b4 a6 35. Ne4 Rh1 36. Rd2 Ke7 37. Nxd6 Rd8 38. Ne4 Re1+ 39. Re2 Rxe2+ 40. Kxe2 cxb4 41. axb4 Rd4 42. Ke3 Rxc4 0-1


[Site "https://www.chess.com"]

[Event "Titled Tuesday Blitz March 28 Late 2023"]
[White "Sreyas Payyappat"]
[Black "Adewumi, Tanitoluwa"]
[WhiteFideId "46674969"]
[BlackFideId "30966396"]
[WhiteElo "2083"]
[BlackElo "2753"]
[Result "1-0"]
[Round "07"]
[TimeControl "180+2"]
[Date "2023.03.28"]
[WhiteClock "0:00:19"]
[BlackClock "0:00:02"]

1. e4 c5 2. Nf3 e6 3. d4 cxd4 4. Nxd4 Nc6 5. Nc3 Qc7 6. Be3 a6 7. f4 Bb4 8. Be2 Nf6 9. Bf3 Na5 10. O-O Nc4 11. Qe1 Nxb2 12. Ncb5 Qc4 13. c3 axb5 14. cxb4 O-O 15. Qd2 Rxa2 16. Be2 Rxa1 17. Bxc4 Nxc4 18. Qe2 Rxf1+ 19. Kxf1 Nxe4 20. Nxb5 d5 21. Bd4 Bd7 22. Nc3 Rc8 23. Nxe4 dxe4 24. Bc5 b6 25. Qxc4 bxc5 26. bxc5 g6 27. Kf2 Bc6 28. Ke3 Bd5 29. Qb5 Kg7 30. Qb6 Rc6 31. Qb2+ f6 32. Kd4 Kf7 33. Qb7+ Kg8 34. Qb8+ Kg7 35. Qd8 Ra6 36. Qe7+ Kh6 37. Qf8+ Kh5 38. Qxf6 h6 39. h3 e5+ 40. Qxe5+ g5 41. Qxd5 e3 42. Qf3+ g4 43. Qxg4# 1-0


[Site "https://www.chess.com"]